 Dungeon Crawl Stone Soup version 0.25.1-8-g42b30a86e7 (webtiles) character file.

Game seed: 16757421038675425432

111 Clowwww the Chopper (level 4, 0/40 HPs)
             Began as a Hill Orc Fighter on Dec 14, 2020.
             Slain by Natasha (7 damage)
             ... on level 2 of the Dungeon.
             The game lasted 00:03:46 (1965 turns).

Clowwww the Chopper (Hill Orc Fighter)              Turns: 1965, Time: 00:03:46

Health: 0/40       AC:  7    Str: 19    XL:     4   Next: 92%
Magic:  4/4        EV:  7    Int:  8    God:
Gold:   93         SH:  9    Dex: 10    Spells: 3/3 levels left

rFire    + . .     SeeInvis .   a - +0 war axe
rCold    + . .     Gourm    .   c - +0 kite shield
rNeg     . . .     Faith    .   b - +0 scale mail
rPois    .         Spirit   .   (no helmet)
rElec    .         Reflect  .   e - scarf {rC+ rF+}
rCorr    .         Harm     .   (no gloves)
MR       .....                  (no boots)
Stlth    ..........             (no amulet)
HPRegen  0.13/turn              (no ring)
MPRegen  0.09/turn              (no ring)

@: no status effects
A: no striking features
a: no special abilities


You were on level 2 of the Dungeon.
You were hungry.

You visited 1 branch of the dungeon, and saw 2 of its levels.

You collected 93 gold pieces.

Inventory:

Hand Weapons
 a - a +0 war axe (weapon)
Armour
 b - a +0 scale mail (worn)
 c - a +0 kite shield (worn)
 e - a scarf of resistance (worn)
Jewellery
 g - a +4 ring of protection {unknown}
 j - an uncursed ring of fire {unknown}
Scrolls
 h - a scroll of enchant weapon {unknown}
 i - 4 scrolls of identify {unknown}
 k - 4 scrolls of remove curse {unknown}
 l - 3 scrolls of teleportation {unknown}
 m - a scroll of random uselessness {unknown}
 p - a scroll of noise {unknown}
Potions
 d - a potion of might
 n - a potion of haste {unknown}
Comestibles
 f - 12 rations


   Skills:
 + Level 4.2 Fighting
 + Level 4.6 Axes
 + Level 3.9 Armour
 + Level 0.3 Dodging
 + Level 0.2 Stealth
 + Level 3.9 Shields


You had 3 spell levels left.
You didn't know any spells.
Your spell library was empty.

Dungeon Overview and Level Annotations

Branches:
Dungeon (2/15)

Altars:

Annotations:
D:2 Natasha


Message History

You barely miss Natasha.
Natasha is lightly wounded.
You barely miss the white imp.
The white imp hits you but does no damage.
Natasha mumbles some strange words.
You barely miss Natasha.
Natasha is lightly wounded.
You hit the white imp but do no damage. You miss the crimson imp.
The white imp gestures at you. The puff of frost hits you. You resist.
* * * LOW HITPOINT WARNING * * *
Natasha claws you but does no damage. The crimson imp barely misses you.
Your scale mail prevents you from hitting Natasha.
Natasha is lightly wounded.
You hit the white imp but do no damage. You closely miss the crimson imp.
The white imp gestures at you. The puff of frost hits you. You resist.
* * * LOW HITPOINT WARNING * * *
Natasha claws you!
You die...

#...........#.## #.#
............#..####.#
....................#
.###........##..###.#
.#..........###(# #.#
.#.#........###.# #.#
...P........#...###.#
≈♣..........#...h##.#
≈♣..........#..5@##.#
............#...5.#'##
≈.....#######...#....#
≈≈....# #...#....#
≈≈≈≈P.# #...##...#
≈≈≈≈..# #...#.....#
≈≈≈..## #...#.....#
≈..P.# #...#.....#
P.P..# #...#.....#


You could see Natasha, a crimson imp (summoned) and a white imp (summoned).

Vanquished Creatures
  Natasha (twice) (D:2)
  A gnoll (D:1)
  An adder (D:2)
  2 dart slugs
  A leopard gecko (D:1)
  3 giant cockroaches
  3 goblins
  8 hobgoblins
  4 jackals (D:2)
  3 bats
  2 frilled lizards
  4 kobolds
  3 rats (D:1)
37 creatures vanquished.

Notes
Turn   | Place    | Note
-------+----------+-------------------------------------------
     0 | D:1      | Clowwww the Hill Orc Fighter began the quest for the Orb.
     0 | D:1      | Reached XP level 1. HP: 19/19 MP: 1/1
    84 | D:1      | Reached XP level 2. HP: 23/27 MP: 2/2
   633 | D:1      | Reached XP level 3. HP: 33/33 MP: 3/3
  1641 | D:2      | Reached XP level 4. HP: 40/40 MP: 4/4
  1688 | D:2      | Noticed Natasha
  1695 | D:2      | Killed Natasha
  1922 | D:2      | Noticed Natasha
  1938 | D:2      | Killed Natasha
  1957 | D:2      | Noticed Natasha
  1965 | D:2      | Slain by Natasha

Illustrated notes

Levels and vault maps discovered:
D:1:      dpeg_arrival_fog, layout_basic, minmay_curled_crystal, minivault_24,
          chequers_big_river, st_stairs_14, minmay_heptomino_l4
D:2:      layout_basic, first_ration, guppyfry_early_lair_pool, uniq_natasha,
          uniq_robin

Skill      XL: |  1  2  3 |
---------------+----------+-----
Axes           | 3 4 |  4.6
Fighting       | 4 |  4.2
Armour         | |  3.9
Dodging        | |  0.3
Stealth        | |  0.2
Shields        | |  3.9

Action                   |  1- 3 |  4- 6 || total
-------------------------+-------+-------++-------
Melee: War axe           |    81 |    24 ||   105
  Eat: Chunk             |     2 |     1 ||     3
Armor: Scale mail        |    37 |    19 ||    56
Dodge: Dodged            |    24 |    11 ||    35
Block: Kite shield       |    49 |    13 ||    62
